 Dungeon Crawl Stone Soup version 0.28.0-49-g6dfe1f597d (webtiles) character file.

Game seed: 2976732897851959977

33 Exodus22XD the Sneak (level 3, 19/19 HPs)
             Began as a Kobold Enchanter on May 15, 2022.
             Was a Plaything of Xom.
             Quit the game on level 2 of the Dungeon.
             The game lasted 00:01:04 (1865 turns).

Exodus22XD the Sneak (Kobold Enchanter)             Turns: 1865, Time: 00:01:04

Health: 19/19      AC:  3    Str:  5    XL:     3   Next: 47%
Magic:  6/6        EV: 15    Int: 16    God:    Xom [..*...]
Gold:   64         SH:  0    Dex: 17    Spells: 4/6 levels left

rFire   . . .      SeeInvis .   a - +1 dagger
rCold   . . .      Faith    .   (no shield)
rNeg    . . .      Spirit   .   b - +0 robe
rPois   +          Reflect  .   (no helmet)
rElec   .          Harm     .   (no cloak)
rCorr   .          Rampage  .   (no gloves)
Will    .....                   h - +0 pair of boots
Stlth   ++++......              (no amulet)
HPRegen 0.06/turn               f - ring of poison resistance
MPRegen 0.10/turn               (no ring)

@: no status effects
A: small, no large weapons, nightstalker 3
a: Renounce Religion


You were on level 2 of the Dungeon.
You worshipped Xom.
You were a toy of Xom.
You visited 1 branch of the dungeon, and saw 2 of its levels.

You collected 64 gold pieces.

Inventory:

Hand Weapons
 a - a +1 dagger (weapon)
Armour
 b - a +0 robe (worn)
 h - a +0 pair of boots (worn)
Jewellery
 f - a ring of poison resistance (left hand)
Scrolls
 d - a scroll of teleportation {unknown}
 g - 2 scrolls of identify {unknown}
Potions
 c - a potion of invisibility
 e - 2 potions of brilliance {unknown}


   Skills:
 - Level 1.3 Short Blades
 - Level 2.4 Dodging
 + Level 6.0 Stealth
 - Level 2.1 Spellcasting
 - Level 3.0 Hexes


You had 4 spell levels left.
You knew the following spells:

 Your Spells              Type           Power      Damage    Failure   Level
a - Ensorcelled Hibernat  Hex/Ice        12%        N/A       17%         2

Your spell library contained the following spells:

 Spells                   Type           Power      Damage    Failure   Level
 Confusing Touch          Hex            11%        N/A       19%         3
 Tukima's Dance           Hex            11%        N/A       19%         3
 Dazzling Flash           Conj/Hex       12%        N/A       32%         3


Dungeon Overview and Level Annotations

Branches:
Dungeon (2/15)

Altars:
Xom


Innate Abilities, Weirdness & Mutations

You are small and have problems with some larger weapons.
You are completely attuned to the shadows.


Message History

You hit the endoplasm.
The endoplasm is moderately wounded.
The endoplasm freezes you.
You are frozen.
An endoplasm is nearby!
You hit the endoplasm.
The endoplasm is heavily wounded.
The endoplasm freezes you.
You are frozen.
An endoplasm is nearby!
An endoplasm is nearby!
You hit the endoplasm.
The endoplasm is almost dead.
The endoplasm freezes you.
You are frozen.
An endoplasm is nearby!
You hit the endoplasm but do no damage.
The endoplasm is almost dead.
The endoplasm closely misses you.
An endoplasm is nearby!
You hit the endoplasm.
You kill the endoplasm!
g - 2 scrolls labelled WOSEINUBRA (gained 1)
You open the door.
There is an open door here.
Found a faded altar of an unknown god.
No target in view!
No target in view!
A hobgoblin comes into view. It is wielding a +0 hand axe.
Found a scroll labelled VEUNUPHEGUA.
The hobgoblin shouts!
An adder comes into view.
The hobgoblin completely misses you.
There is a faded altar of an unknown god here.
You cannot tell which god this altar belongs to.
Convert to them anyway?
Xom accepts your prayer! Xom welcomes you!
Xom is extremely interested.
The hobgoblin completely misses you.
Are you sure you want to abandon this character and quit the game? (Confirm with "yes".)

....#.# #. ...†#.####
.........' #####.####
## #.# # #
..#########÷# #
#'####.#.........# #
.......#.........####
...g@..#........#....
.?.....##'#######....
..S.......# #....
......##### #....
......# #.... ####
#.... #####


You could see an adder and a hobgoblin.

Vanquished Creatures
  2 worms (D:2)
  A dart slug (D:1)
  4 ball pythons (D:1)
  3 endoplasms (D:2)
  A giant cockroach (D:1)
  4 hobgoblins
  A kobold (D:1)
  A quokka (D:2)
  2 bats (D:1)
  3 goblins (D:1)
  2 rats (D:2)
24 creatures vanquished.

Notes
Turn   | Place    | Note
-------+----------+-------------------------------------------
     0 | D:1      | Exodus22XD the Kobold Enchanter began the quest for the
                  | Orb.
     0 | D:1      | Reached XP level 1. HP: 10/10 MP: 3/3
   509 | D:1      | Reached XP level 2. HP: 15/15 MP: 5/5
   512 | D:1      | Learned a level 2 spell: Ensorcelled Hibernation
   550 | D:1      | Reached skill level 5 in Stealth
  1251 | D:2      | Reached XP level 3. HP: 19/19 MP: 6/6
  1595 | D:2      | Reached skill level 6 in Stealth
  1859 | D:2      | Found a faded altar of an unknown god.
  1864 | D:2      | Prayed at the altar of an unknown god.
  1864 | D:2      | Became a worshipper of Xom the Fickle
  1865 | D:2      | Quit the game

Illustrated notes

Levels and vault maps discovered:
D:1:      enne_arrival_octagon_isle, layout_basic
D:2:      layout_basic, basic_ecumenical_altar

Skill      XL: |  1  2  3 |
---------------+----------+-----
Stealth        | 5 6 |  6.0
Short Blades   | |  1.3
Dodging        | |  2.4
Spellcasting   | |  2.1
Hexes          | |  3.0

Action                   || total
-------------------------++-------
Melee: Dagger            ||    93
       Punch             ||     1
 Cast: Ensorcelled Hiber ||     3
 Stab: Sleeping          ||    11
Armor: Robe              ||     7
Dodge: Dodged            ||    55
